 Dungeon Crawl Stone Soup version 0.29.1-15-g9cfb28693d (webtiles) character file.

Game seed: 1054134606468995013

39 Silvore the Covered (level 3, 0/33 HPs)
             Began as a Minotaur Fighter on May 2, 2023.
             Slain by a gnoll
             ... wielding a +0 club
              (5 damage)
             ... on level 2 of the Dungeon.
             The game lasted 00:01:13 (1064 turns).

Silvore the Covered (Minotaur Fighter)              Turns: 1064, Time: 00:01:14

Health: 0/33       AC: 10    Str: 22    XL:     3   Next: 26%
Magic:  2/2        EV:  7    Int:  5    God:
Gold:   45         SH:  4    Dex:  9    Spells: 2/2 levels left

rFire   . . .      SeeInvis .   a - +0 long sword
rCold   . . .      Faith    .   c - +0 buckler
rNeg    . . .      Spirit   .   k - +0 chain mail
rPois   .          Reflect  .   (helmet restricted)
rElec   .          Harm     .   (no cloak)
rCorr   .          Rampage  .   l - +0 pair of gloves
Will    .....                   (no boots)
Stlth   ..........              (no amulet)
HPRegen 0.11/turn               f - ring of ice
MPRegen 0.08/turn               j - ring of fire

@: no status effects
A: horns 2, retaliatory headbutt
a: no special abilities


You were on level 2 of the Dungeon.
You visited 1 branch of the dungeon, and saw 2 of its levels.

You collected 45 gold pieces.

Inventory:

Hand Weapons
 a - a +0 long sword (weapon)
Armour
 b - a +0 scale mail
 c - a +0 buckler (worn)
 k - a +0 chain mail (worn)
 l - a +0 pair of gloves (worn)
Jewellery
 f - a ring of ice (left hand)
 j - a ring of fire (right hand)
Scrolls
 e - a scroll of identify
 h - a scroll of enchant armour {unknown}
Potions
 d - 2 potions of might
 g - a potion of attraction {unknown}
 i - a potion of heal wounds
 m - a potion of curing {unknown}


   Skills:
 + Level 4.1 Fighting
 + Level 3.1 Long Blades
 + Level 4.3 Armour
 + Level 3.9 Shields


You had 2 spell levels left.
You didn't know any spells.
Your spell library contained the following spells:

 Spells                   Type           Power      Damage    Failure   Level
 Stone Arrow              Conj/Erth      0%         3d7       100%        3
 Animate Armour           Summ/Erth      0%         N/A       100%        4
 Lehudib's Crystal Spear  Conj/Erth      0%         10d2      100%        8


Dungeon Overview and Level Annotations

Branches:
Dungeon (2/15)

Altars:


Innate Abilities, Weirdness & Mutations

You have a pair of horns on your head.
You reflexively headbutt those who attack you in melee.


Message History

Found a stone staircase leading up.
A hobgoblin comes into view.
A rat comes into view.
You hit the gnoll.
The gnoll is moderately wounded.
The gnoll hits you but does no damage.
You closely miss the gnoll.
You headbutt the gnoll, but do no damage.
The gnoll is moderately wounded.
The gnoll hits you with a +0 club. The gnoll attacks as you move away!
You block the gnoll's attack.
Found a scroll labelled PIKECA ASMOQIAQOU.
A gnoll comes into view. It is wielding a +0 spear.
The gnoll closely misses you. You furiously retaliate!
You headbutt the gnoll. The gnoll closely misses you.
You barely miss the gnoll.
The gnoll is heavily wounded.
The gnoll shouts!
The gnoll hits you with a +0 club. The gnoll hits you with a +0 flail.
The gnoll completely misses you.
You hit the gnoll but do no damage. You block the gnoll's attack.
The gnoll barely misses you. The gnoll hits you with a +0 halberd.
The gnoll hits you but does no damage. The rat barely misses you.
The gnoll closely misses you. The gnoll barely misses you.
You hit the gnoll.
You headbutt the gnoll, but do no damage.
The gnoll is heavily wounded.
The gnoll hits you with a +0 club. The gnoll closely misses you.
The rat bites you but does no damage.
The gnoll hits you but does no damage. x2
Unknown command.
You slash the gnoll!
You kill the gnoll!
The gnoll hits you with a +0 club.
The gnoll hits you from afar with a +0 spear.
You block the gnoll's attack. The rat bites you but does no damage.
Your Long Blades skill increases to level 3!
The rat attacks as you move away! The rat bites you but does no damage.
The gnoll attacks as you move away! The gnoll hits you with a +0 flail.
* * * LOW HITPOINT WARNING * * *
The gnoll hits you with a +0 club.
You die...

###. .#.#
####..##
#......#
#.#....###
###........#
#<.......#
...##.#......#
#....rg@....#
#..#.#g##.###
......#g).....#
#.#.r###.g###..#
# #.. ...# .#
.?. #..# # <.
#... #... ####?


You could see 2 gnolls, a hobgoblin and a rat.

Vanquished Creatures
  A gnoll (D:2)
  A dart slug (D:1)
  2 ball pythons (D:1)
  7 endoplasms (D:1)
  3 hobgoblins (D:1)
  2 jackals (D:1)
  A quokka (D:1)
  3 bats (D:1)
  2 frilled lizards (D:1)
  3 rats (D:1)
25 creatures vanquished.

Vanquished Creatures (others)
  10 plants (D:1)
10 creatures vanquished.

Grand Total: 35 creatures vanquished

Notes
Turn   | Place    | Note
-------+----------+-------------------------------------------
     0 | D:1      | Silvore the Minotaur Fighter began the quest for the Orb.
     0 | D:1      | Reached XP level 1. HP: 19/19 MP: 0/0
   291 | D:1      | Reached XP level 2. HP: 27/27 MP: 1/1
   950 | D:1      | Reached XP level 3. HP: 29/33 MP: 2/2
  1064 | D:2      | Slain by a gnoll

Illustrated notes

Levels and vault maps discovered:
D:1:      scummos_arrival_star, layout_loops_ring, serial_bayou_lagoon_a
D:2:      layout_loops_cross

Skill      XL: |  1  2  3 |
---------------+----------+-----
Armour         | 4 |  4.3
Fighting       | 4 |  4.1
Long Blades    | 3 |  3.1
Shields        | |  3.9

Action                   || total
-------------------------++-------
Melee: Long sword        ||    46
       Headbutt          ||     6
  Use: Scroll            ||     2
Armor: Scale mail        ||    10
       Chain mail        ||    15
Dodge: Dodged            ||    35
Block: Buckler           ||     8
